 Dungeon Crawl Stone Soup version 0.31-a0-806-g0bc164a743 (webtiles) character file.

Game seed: 7691226501727474795

61906 Revguard the Fighter (level 14, -2/113 HPs)
             Began as a Demonspawn Fighter on Sept 21, 2023.
             Was the Champion of Makhleb.
             Slain by a boulder beetle (30 damage)
             ... on level 15 of the Dungeon.
             The game lasted 00:51:04 (15331 turns).

Revguard the Fighter (Demonspawn Fighter)          Turns: 15331, Time: 00:51:10

Health: -2/113     AC: 20    Str: 26    XL:     14   Next: 62%
Magic:  0/22       EV: 11    Int: 10    God:    Makhleb [******]
Gold:   160        SH: 25    Dex: 16    Spells: 13/13 levels left

rFire   + . .        a - +0 war axe (freeze)
rCold   + . .        Q - +0 tower shield
rNeg    . . .        h - +3 chain mail {rF+}
rPois   +            p - +1 helmet
rElec   .            A - scarf {repulsion}
rCorr   .            B - +2 pair of gloves
SInv    .            (boots unavailable)
Will    +....        E - amulet of magic regeneration Stlth
                     S - ring of Etoll {rPois rC+ Str+6}
HPRegen 0.38/turn    D - +4 ring of slaying
MPRegen 0.76/turn

%: repel missiles, clarity, guardian spirit
@: no status effects
A: hooves 3, large bone plates 3, ignite blood 1, magic shield, magic
regeneration, agile 1, clarity
a: Renounce Religion, Minor Destruction, Lesser Servant of Makhleb, Major
Destruction, Greater Servant of Makhleb


You were on level 15 of the Dungeon.
You worshipped Makhleb.
Makhleb was exalted by your worship.
You visited 2 branches of the dungeon, and saw 16 of its levels.
You also visited: Sewer.

You collected 1062 gold pieces.
You spent 902 gold pieces at shops.

Inventory:

Hand Weapons
 a - a +0 war axe of freezing (weapon)
Missiles
 l - a throwing net
Armour
 h - a +3 chain mail of fire resistance (worn)
 p - a +1 helmet (worn)
 A - a scarf of repulsion (worn)
 B - a +2 pair of gloves (worn)
 Q - a +0 tower shield (worn)
Jewellery
 C - an amulet of reflection
 D - a +4 ring of slaying (right hand)
 E - an amulet of magic regeneration (around neck)
 R - the ring "Waistigg" {SInv Stlth+}
   (You found it on level 14 of the Dungeon)

   [ring of see invisible]

   SInv:      It lets you see invisible.
   Stlth+:    It makes you more stealthy.
 S - the ring of Etoll (left hand) {rPois rC+ Str+6}
   (You found it on level 14 of the Dungeon)

   [ring of strength]

   Str+6:     It affects your strength (+6).
   rC+:       It protects you from cold.
   rPois:     It protects you from poison
Wands
 c - a wand of mindburst (5)
 m - a wand of polymorph (5)
 G - a wand of flame (10)
Scrolls
 d - 4 scrolls of teleportation
 e - 3 scrolls of blinking
 g - 3 scrolls of fog
 i - 3 scrolls of revelation
 n - 5 scrolls of identify
 o - a scroll of noise
 r - 3 scrolls of vulnerability
 u - a scroll of enchant weapon {unknown}
 x - a scroll of brand weapon
 y - a scroll of acquirement {unknown}
 F - 2 scrolls of fear
 I - 2 scrolls of amnesia
Potions
 b - a potion of might
 f - 2 potions of cancellation
 j - 8 potions of curing
 k - 2 potions of brilliance
 q - a potion of berserk rage
 s - 3 potions of mutation
 t - a potion of haste
 v - a potion of enlightenment
 w - a potion of invisibility
 z - a potion of attraction
 H - 3 potions of lignification
 M - a potion of magic
 N - 2 potions of heal wounds
 O - a potion of resistance


   Skills:
 * Level 11.5 Fighting
 * Level 10.4 Axes
 + Level 9.8 Armour
 + Level 7.4 Dodging
 * Level 10.7 Shields
 + Level 10.7 Invocations
 + Level 7.9 Evocations


You had 13 spell levels left.
You didn't know any spells.
Your spell library contained the following spells:

 Spells                   Type           Power      Damage    Failure   Level
 Necrotise                Necr           0%         1d4       99%         1
 Sting                    Tmut/Pois      0%         1d3       99%         1
 Ensorcelled Hibernation  Hex/Ice        0%         N/A       100%        2
 Passwall                 Tmut/Erth      0%         N/A       100%        2
 Poisonous Vapours        Pois/Air       0%         N/A       100%        2
 Scorch                   Fire           0%         2d5       100%        2
 Sublimation of Blood     Necr           0%         N/A       100%        2
 Gell's Gravitas          Tloc           0%         N/A       100%        3
 Ozocubu's Armour         Ice            0%         N/A       100%        3
 Summon Guardian Golem    Hex/Summ       0%         N/A       100%        3
 Swiftness                Air            0%         N/A       100%        3
 Teleport Other           Tloc           0%         N/A       100%        3
 Vampiric Draining        Necr           0%         2d6       100%        3
 Flame Wave               Conj/Fire      0%         2d4       100%        4
 Manifold Assault         Tloc           0%         N/A       100%        4
 Olgreb's Toxic Radiance  Pois           0%         N/A       100%        4
 Petrify                  Tmut/Erth      0%         N/A       100%        4
 Agony                    Necr           0%         N/A       100%        5
 Irradiate                Conj/Tmut      0%         3d11      100%        5
 Metabolic Englaciation   Hex/Ice        0%         N/A       100%        5
 Summon Forest            Summ/Tloc      0%         N/A       100%        5
 Summon Mana Viper        Hex/Summ       0%         N/A       100%        5
 Dispersal                Tloc           0%         N/A       100%        6
 Simulacrum               Ice/Necr       0%         N/A       100%        6
 Summon Cactus Giant      Summ           0%         N/A       100%        6
 Malign Gateway           Summ/Tloc      0%         N/A       100%        7
 Orb of Destruction       Conj           0%         9d5       100%        7
 Spellforged Servitor     Conj/Summ      0%         N/A       100%        7
 Disjunction              Tloc           0%         N/A       100%        8
 Summon Horrible Things   Summ           0%         N/A       100%        8


Dungeon Overview and Level Annotations

Branches:
Dungeon (15/15)            Temple (1/1) D:5            Lair (0/5) D:8
    Orc (0/2) D:11         Vaults (0/5) D:13          Sewer (visited)
 Depths: D:15

Altars:
Ashenzari
Cheibriados
Dithmenos
Fedhas
Gozag
Hepliaklqana
Kikubaaqudgha
Makhleb
Nemelex Xobeh
Okawaru
Qazlal
Ru
Sif Muna
Trog
Uskayaw
Vehumet
Wu Jian
Xom
Yredelemnul

Shops:
D:2 =   D:4 !   D:6 (   D:7 *


Innate Abilities, Weirdness & Mutations

You have hooves in place of feet.
You are completely covered in large bone plates. (SH +8)
Your demonic aura sometimes causes spilled blood to erupt in flames.
When hurt, damage is shared between your health and your magic reserves.
You regenerate magic rapidly.
You are agile. (Dex +4, Str/Int -1)
You possess an exceptional clarity of mind.


Message History

Something completely misses you.
You hit the boulder beetle but do no damage.
The boulder beetle is severely wounded.
You block the boulder beetle's attack.
The boulder beetle curls into a ball and begins rolling!
Your neqoxec hits the boulder beetle but does no damage.
You hear some strange, mumbled words.
A bolt of magma appears from out of thin air!
The bolt of magma hits you!! You partially resist.
You completely miss the boulder beetle.
The boulder beetle is severely wounded.
The boulder beetle leaps!
Something hits you!
* * * LOW HITPOINT WARNING * * *
Unknown command.
You swap places.
The boulder beetle curls into a ball and begins rolling!
You see here 5 large rocks.
You hit something. You freeze something. Your kick misses something.
You hit the boulder beetle but do no damage.
You block the boulder beetle's attack.
The boulder beetle stops rolling and uncurls.
You hear some strange, mumbled words.
A bolt of magma appears from out of thin air!
The bolt of magma hits you but does no damage.
Your neqoxec hits the boulder beetle but does no damage.
You block the boulder beetle's attack.
You slice something!! You freeze something. You kick something!
You hit the boulder beetle but do no damage.
Something hits you.
* * * LOW HITPOINT WARNING * * *
Your neqoxec hits the boulder beetle. The boulder beetle bites your neqoxec!
Unknown command.
You slice something!! You freeze something. Makhleb accepts your kill.
Reactivating autopickup.
You feel a bit more experienced.
You hit the boulder beetle. You freeze the boulder beetle.
Your neqoxec hits the boulder beetle but does no damage.
The boulder beetle hits you!!!
You die...

... .### .. .#.
.#####...
+.....'# ##
#°..#.# #
#..###.°...###..
#.#...#.○.#...#
#...#..BB...#
...
#......3@○###
##..#
######.....#
#... #.....#
#..# #.....#
#..#
##....####.##
#.....#....#
#..........##
##......##..#
#....####..##


You could see 2 boulder beetles and a friendly neqoxec (summoned).

Vanquished Creatures
  Kirke (D:14)
  An ogre mage (D:15)
  4 vault guards (D:13)
  6 centaur warriors
  A hydra (D:14)
  6 two-headed ogres
  5 boulder beetles
  3 tengu warriors
  Nergalle (D:11)
  3 skeletal warriors (D:13)
  Pikel (D:6)
  A harpy (D:14)
  7 ugly things (D:14)
  2 wolf spiders (D:14)
  4 manticores
  Maurice (D:11)
  7 cyclopes
  3 gargoyles
  Psyche (D:9)
  2 unseen horrors
  A komodo dragon (D:12)
  3 kobold demonologists
  2 tengu conjurers
  3 trolls
  3 meliai
  Prince Ribbit (D:5)
  A merfolk (D:11)
  A blink frog (shapeshifter) (D:13)
  13 slime creatures
  A wyvern (D:11)
  17 yaks
  2 wraiths
  5 hogs
  4 basilisks
  Grum (D:8)
  A human (D:14)
  A vampire mosquito (D:14)
  4 steam dragons
  2 acid dragons
  A water moccasin (D:7)
  Duvessa (D:5)
  4 orc warriors
  13 black bears
  A sky beast (D:7)
  A boggart (D:15)
  A sky beast (shapeshifter) (D:13)
  An ogre (D:5)
  2 wolves (D:8)
  A phantom (D:5)
  17 centaurs
  20 kobold brigands
  6 gnoll sergeants
  3 scorpions
  7 bullfrogs
  5 wights (D:10)
  Dowan (D:5)
  17 killer bees
  7 electric eels (D:11)
  6 howler monkeys
  9 jellies
  4 orc priests
  4 hounds
  A gnoll bouda (D:7)
  A sleepcap (D:4)
  4 iguanas (D:5)
  9 orc wizards
  Robin (D:3)
  13 gnolls
  19 adders
  5 river rats (Sewer)
  A shadow imp (D:8)
  2 white imps
  An ufetubus (D:5)
  2 worms
  2 dart slugs
  37 orcs
  6 bats
  12 endoplasms
  8 giant cockroaches
  15 goblins
  9 hobgoblins
  11 jackals
  3 quokkas
  14 ball pythons
  3 frilled lizards
  29 kobolds
  26 rats
492 creatures vanquished.

Vanquished Creatures (collateral kills)
  A catoblepas (D:13)
  3 slime creatures (D:12)
  An orc wizard (D:12)
5 creatures vanquished.

Vanquished Creatures (others)
  2 humans (D:14)
2 creatures vanquished.

Grand Total: 499 creatures vanquished

Notes
Turn   | Place    | Note
-------+----------+-------------------------------------------
     0 | D:1      | Revguard the Demonspawn Fighter began the quest for the
                  | Orb.
     0 | D:1      | Reached XP level 1. HP: 18/18 MP: 1/1
    58 | D:1      | Gained mutation: You have large cloven feet. [demonic
                  | ancestry]
    58 | D:1      | Reached XP level 2. HP: 10/24 MP: 2/2
   607 | D:1      | Gained mutation: You are partially covered in large bone
                  | plates. (SH +4) [demonic ancestry]
   607 | D:1      | Reached XP level 3. HP: 29/29 MP: 3/3
   702 | D:1      | Reached skill level 1 in Invocations
   893 | D:2      | Found Hoixef's Jewellery Shoppe.
  1289 | D:2      | Reached XP level 4. HP: 35/35 MP: 4/4
  1708 | D:3      | Reached skill level 1 in Dodging
  1856 | D:3      | Found a burning altar of Makhleb.
  1866 | D:3      | Became a worshipper of Makhleb the Destroyer
  2071 | D:3      | Noticed Robin
  2087 | D:3      | Killed Robin
  2353 | D:4      | Found an ancient bone altar of Kikubaaqudgha.
  2513 | D:4      | Gained mutation: You are mostly covered in large bone
                  | plates. (SH +6) [demonic ancestry]
  2513 | D:4      | Reached XP level 5. HP: 35/41 MP: 6/6
  2546 | D:4      | Reached skill level 1 in Evocations
  2691 | D:4      | Reached * piety under Makhleb
  2750 | D:4      | Noticed a black bear
  2761 | D:4      | Killed a black bear
  2762 | D:4      | Gained mutation: Your demonic aura sometimes causes spilled
                  | blood to erupt in flames. [demonic ancestry]
  2762 | D:4      | Reached XP level 6. HP: 46/48 MP: 7/7
  2766 | D:4      | Reached skill level 4 in Fighting
  2992 | D:4      | Found Rov Qutao's Distillery.
  2998 | D:4      | Bought a potion of curing for 33 gold pieces
  2998 | D:4      | Bought 2 potions of berserk rage for 110 gold pieces
  2998 | D:4      | Bought a potion of mutation for 88 gold pieces
  3270 | D:4      | Found a shimmering blue altar of Sif Muna.
  3272 | D:4      | Found a hazy altar of Hepliaklqana.
  3272 | D:4      | Found a blossoming altar of Fedhas.
  3409 | D:5      | Entered Level 5 of the Dungeon
  3442 | D:5      | Reached XP level 7. HP: 54/54 MP: 9/9
  3606 | D:5      | Noticed Dowan
  3607 | D:5      | Noticed Duvessa
  3624 | D:5      | Killed Duvessa
  3627 | D:5      | Killed Dowan
  3659 | D:5      | Found a glowing drain.
  3671 | Sewer    | Entered a sewer
  3692 | Sewer    | Reached ** piety under Makhleb
  3847 | Sewer    | Gained mutation: You regenerate magic rapidly. [demonic
                  | ancestry]
  3847 | Sewer    | Reached XP level 8. HP: 55/61 MP: 10/10
  3921 | Sewer    | Reached *** piety under Makhleb
  3922 | Sewer    | Reached skill level 5 in Fighting
  3978 | Sewer    | Gained mutation: You possess an exceptional clarity of
                  | mind. [potion of mutation]
  3978 | Sewer    | Gained mutation: You are agile. (Dex +4, Str/Int -1)
                  | [potion of mutation]
  3999 | D:5      | Noticed Prince Ribbit
  4008 | D:5      | Killed Prince Ribbit
  4098 | D:5      | Reached skill level 5 in Shields
  4472 | D:5      | Reached skill level 5 in Armour
  4490 | D:5      | Found an ornate altar of the Wu Jian Council.
  4739 | D:5      | Found a staircase to the Ecumenical Temple.
  4745 | Temple   | Entered the Ecumenical Temple
  5206 | D:6      | Noticed Pikel
  5222 | D:6      | Killed Pikel
  5223 | D:6      | Reached skill level 5 in Axes
  5223 | D:6      | Reached XP level 9. HP: 69/69 MP: 12/12
  5234 | D:6      | Reached skill level 6 in Fighting
  5474 | D:6      | Reached skill level 5 in Invocations
  5575 | D:6      | Found a basalt altar of Yredelemnul.
  5620 | D:6      | Found Zetydouty's Antique Weapon Shop.
  5937 | D:7      | Reached **** piety under Makhleb
  6066 | D:7      | Found Mecloit's Assorted Antiques.
  6442 | D:7      | Gained mutation: When hurt, damage is shared between your
                  | health and your magic reserves. [demonic ancestry]
  6442 | D:7      | Reached XP level 10. HP: 77/77 MP: 14/14
  6633 | D:8      | Noticed a two-headed ogre
  6640 | D:8      | Killed a two-headed ogre
  6644 | D:8      | Reached skill level 7 in Fighting
  6667 | D:8      | Found a staircase to the Lair.
  6876 | D:8      | Reached ***** piety under Makhleb
  6907 | D:8      | Noticed Grum
  6916 | D:8      | Killed Grum
  8074 | D:9      | Noticed Psyche
  8080 | D:9      | Killed Psyche
  8351 | D:9      | Noticed a two-headed ogre
  8360 | D:9      | Killed a two-headed ogre
  8361 | D:9      | Gained mutation: You are completely covered in large bone
                  | plates. (SH +8) [demonic ancestry]
  8361 | D:9      | Reached XP level 11. HP: 72/86 MP: 13/16
  8494 | D:9      | Noticed a two-headed ogre
  8503 | D:9      | Killed a two-headed ogre
  8504 | D:9      | Reached skill level 8 in Fighting
  8504 | D:9      | Reached skill level 5 in Evocations
  8640 | D:10     | Entered Level 10 of the Dungeon
  8662 | D:10     | Reached skill level 5 in Dodging
  8703 | D:10     | Found a sparkling altar of Nemelex Xobeh.
  8732 | D:10     | Found a hide-covered altar of Uskayaw.
  8732 | D:10     | Found a shimmering altar of Xom.
  8733 | D:10     | Found a snail-covered altar of Cheibriados.
  8734 | D:10     | Found a sacrificial altar of Ru.
  8734 | D:10     | Found an opulent altar of Gozag.
  8734 | D:10     | Found an iron altar of Okawaru.
  9510 | D:11     | Identified the +3 ring mail of Wasted Space {rF+ Will++
                  | Str+3 Dex-4}
  9670 | D:11     | Found a burning altar of Makhleb.
  9724 | D:11     | Noticed Nergalle
  9732 | D:11     | Noticed a two-headed ogre
  9744 | D:11     | Reached ****** piety under Makhleb
  9747 | D:11     | Killed a two-headed ogre
  9763 | D:11     | Killed Nergalle
  9763 | D:11     | HP: 5/124 [poisoned by Nergalle]
  9766 | D:11     | HP: 2/87 [poisoned by Nergalle]
 10250 | D:11     | Noticed Maurice
 10256 | D:11     | Killed Maurice
 10262 | D:11     | Found a staircase to the Orcish Mines.
 10327 | D:11     | Reached XP level 12. HP: 94/94 MP: 17/17
 10394 | D:11     | Reached skill level 9 in Fighting
 11730 | D:4      | Bought a potion of curing for 33 gold pieces
 11730 | D:4      | Bought a potion of curing for 33 gold pieces
 11730 | D:4      | Bought a potion of experience for 550 gold pieces
 11730 | D:4      | Bought a potion of heal wounds for 55 gold pieces
 11730 | D:4      | Gained mutation: You have hoof-like feet. [demonic
                  | ancestry]
 11730 | D:4      | Reached XP level 13. HP: 103/103 MP: 19/19
 11949 | D:12     | Reached skill level 10 in Fighting
 13035 | D:13     | Found a gate to the Vaults.
 13754 | D:13     | Reached skill level 10 in Invocations
 13871 | D:14     | Noticed Kirke
 13886 | D:14     | Killed Kirke
 13887 | D:14     | Reached skill level 10 in Shields
 13887 | D:14     | Gained mutation: You have hooves in place of feet. [demonic
                  | ancestry]
 13887 | D:14     | Reached XP level 14. HP: 111/111 MP: 21/21
 13953 | D:14     | Reached skill level 11 in Fighting
 13967 | D:14     | Reached skill level 10 in Axes
 14067 | D:14     | Identified the ring "Ularyo Xaixt" {Fire rElec Will+ Int+4}
 14280 | D:14     | Identified the amulet of Incredulity {Acrobat Rampage rElec
                  | Int-3}
 14294 | D:14     | Identified the ring "Waistigg" {SInv Stlth+}
 14297 | D:14     | Identified the ring of Etoll {rPois rC+ Str+6}
 15175 | D:15     | Entered Level 15 of the Dungeon
 15331 | D:15     | Slain by a boulder beetle

Illustrated notes

Levels and vault maps discovered:
D:1:      evilmike_arrival_crescent, layout_loops_ring
D:2:      layout_basic, serial_shops, shop
D:3:      layout_loops_cross, bloody_makhleb, minivault_25, uniq_robin
D:4:      cheibrodos_barr_body, layout_loops_ring,
          nicolae_overflow_hidden_temple, serial_shops, shop
D:5:      layout_basic, general_overflow_altar, minmay_temple_entry_nine_rooms,
          portal_sewer_entry_d, uniq_duvessa, uniq_prince_ribbit1
D:6:      layout_loops_ring, kennysheep_ying_yang, serial_shops, shop,
          amcnicky_mini_pool_small, kennysheep_generic_room_6, uniq_pikel
D:7:      cheibrodos_fertilizer, layout_rooms, nicolae_stop_n_shop_2
D:8:      layout_layer_cave, lair_entry_dummy, special_room
          [special_room_kobold], hangedman_abyss_or_decor_lesser_grid,
          grunt_decor_arrowhead, grunt_ministairs_13, uniq_grum
D:9:      layout_roguey, uniq_psyche
D:10:     layout_loops_ring, grunt_temple_overflow_open,
          nemelex_diamond_rough_becter
D:11:     kennysheep_town, uniq_maurice, uniq_nergalle
D:12:     layout_roguey, grunt_decor_mini_mirrors
D:13:     layout_roguey, lightli_vaults_fourway_checkpoint
D:14:     minmay_the_grid_triangle_9x9_rhombus_thin_mashed
          [minmay_the_grid_triangle_9x9_from_above,
          minmay_the_grid_triangle_9x9_prize_special,
          minmay_the_grid_triangle_9x9_dagger,
          minmay_the_grid_triangle_9x9_zippers_horizontal], layout_basic,
          corexii_leaking_fountain, nicolae_the_louvre, uniq_kirke
D:15:     hellmonk_depths_entry_around_the_bend, layout_cave_pods,
          minmay_fractal_squares_diagonal_5
Temple:   nicolae_temple_two_arcs

Skill      XL: |  1  2  3  4  5  6  7  8  9 10 11 12 13 14 |
---------------+-------------------------------------------+-----
Axes           | 2 3 5 6 7 8 9 10 | 10.4
Shields        | 3 4 5 6 7 8 9 10 | 10.7
Invocations    | 1 2 3 4 5 6 7 9 10 | 10.7
Armour         | 3 4 5 6 7 8 9 |  9.8
Dodging        | 1 2 3 4 5 6 7 |  7.4
Evocations     | 1 2 3 4 5 6 7 |  7.9
Fighting       | 4 5 6 7 8 9 10 11 | 11.5

Action                     |  1- 3 |  4- 6 |  7- 9 | 10-12 | 13-15 || total
---------------------------+-------+-------+-------+-------+-------++-------
  Melee: War axe           |   104 |   166 |   405 |   490 |   476 ||  1641
         Kick              |    20 |    29 |    38 |       |   117 ||   204
 Invoke: Minor Destruction |       |       |     1 |     1 |    17 ||    19
         Lesser Servant of |       |       |       |       |     6 ||     6
  Evoke: Wand              |       |       |       |     3 |     3 ||     6
    Use: Potion            |       |     5 |     7 |     5 |     2 ||    19
         Scroll            |       |     9 |     8 |     3 |     1 ||    21
   Stab: Paralysed         |       |       |       |     2 |     1 ||     3
         Distracted        |       |       |       |       |     4 ||     4
 Armour: Scale mail        |    91 |   152 |    24 |       |       ||   267
         Chain mail        |       |       |   336 |   358 |   464 ||  1158
  Dodge: Dodged            |    72 |    72 |   193 |   250 |   133 ||   720
         Repelled          |       |       |       |     6 |     2 ||     8
  Block: Buckler           |    35 |    90 |   346 |   430 |       ||   901
         Kite shield       |       |       |       |    38 |   153 ||   191
         Tower shield      |       |       |       |       |   451 ||   451

Table legend: (Time is in decaauts)
 A = Elapsed time spent in this place.
 B = Non-inter-level travel time spent in this place.
 C = Inter-level travel time spent in this place.
 D = Time resting spent in this place.
 E = Time spent auto-exploring this place.
 F = Levels seen in this place.
 G = Mean time per level.
                   A        B        C        D        E       F      G
               +--------+--------+--------+--------+--------+-----+--------+
         Total |  15903 |  14977 |    926 |    568 |   9918 |  17 |  935.5 |
       Dungeon |  15525 |  14600 |    925 |    568 |   9797 |  15 | 1035.0 |
        Temple |      1 |      0 |      1 |      0 |      0 |   1 |    1.0 |
         Sewer |    376 |    376 |      0 |      0 |    121 |   1 |  376.0 |
               +--------+--------+--------+--------+--------+-----+--------+

Top non-repeatable levels by time:
    D:11: 2302 daAuts
     D:5: 1403 daAuts
     D:8: 1304 daAuts
    D:13: 1216 daAuts
     D:4: 1164 daAuts
    D:14: 1146 daAuts
    D:12: 1096 daAuts
     D:1: 911 daAuts
     D:6: 888 daAuts
    D:10: 834 daAuts
     D:9: 813 daAuts
     D:3: 789 daAuts
     D:7: 783 daAuts
     D:2: 712 daAuts
   Sewer: 376 daAuts
